 Dungeon Crawl Stone Soup version 0.30-a0-1018-g25214051b3 (webtiles) character file.

Game seed: 12872044766925512695

8 xian the Sneak (level 2, 0/21 HPs)
             Began as an Octopode Delver on Apr 7, 2023.
             Killed by divine providence
             ... invoked by an orc priest
              (12 damage)
             ... on level 5 of the Dungeon.
             The game lasted 00:00:46 (73 turns).

xian the Sneak (Octopode Delver)                      Turns: 73, Time: 00:00:46

Health: 0/21       AC:  1    Str: 11    XL:     2   Next: 8%
Magic:  2/2        EV: 13    Int: 12    God:
Gold:   17         SH:  0    Dex: 13    Spells: 1/1 levels left

rFire   . . .      SeeInvis .    a - +0 short sword
rCold   . . .      Faith    .    (no shield)
rNeg    . . .      Spirit   .    (helmet restricted)
rPois   .          Reflect  .    (no amulet)
rElec   .          Rampage  .    (no ring)
rCorr   .                        (no ring)
Will    .....                    (no ring)
Stlth   ++++                     (no ring)
HPRegen 0.23/turn                (no ring)
MPRegen 0.08/turn                (no ring)
                                 (no ring)
                                 (no ring)

@: no status effects
A: almost no armour, amphibious, 8 rings, camouflage 1, gelatinous body 1,
(nimble swimmer 1), tentacles
a: no special abilities


You were on level 5 of the Dungeon.
You visited 1 branch of the dungeon, and saw 1 of its levels.

You collected 17 gold pieces.

Inventory:

Hand Weapons
 a - a +0 short sword (weapon)
Wands
 f - a wand of digging (3)
Scrolls
 b - a scroll of fog
 c - a scroll of magic mapping
 d - a scroll of fear
Potions
 e - a potion of haste


   Skills:
 + Level 3.0 Fighting
 + Level 2.0 Short Blades
 + Level 2.0 Dodging
 + Level 7.1 Stealth


You had one spell level left.
You didn't know any spells.
Your spell library was empty.

Dungeon Overview and Level Annotations

Branches:
Dungeon (5/15)
 Temple: D:4-7

Altars:


Innate Abilities, Weirdness & Mutations

You cannot wear most types of armour.
You are amphibious.
You can wear up to eight rings at the same time.
Your skin changes colour to match your surroundings (Stealth+).
Your rubbery body absorbs attacks. (AC +1, EV +1)
((You are camouflaged when in or above water. (Stealth+)))
You have tentacles for arms and can constrict up to eight enemies at once.


Message History

The orc attacks as you move away! The orc closely misses you.
The orc attacks as you move away! The orc hits you with a +0 short sword.
The orc attacks as you move away! The orc barely misses you.
You hit the orc. You grab the orc.
The orc is heavily wounded.
You constrict the orc. The orc closely misses you.
You hit the orc but do no damage. You squeeze the orc.
You kill the orc!
You barely miss the orc. You grab the orc. You constrict the orc.
The orc closely misses you.
You hit the orc.
The orc is heavily wounded.
You constrict the orc, but do no damage.
The orc hits you with a +0 short sword.
You hit the orc.
You kill the orc!
Your Stealth skill increases to level 7!
You hit the orc. You grab the orc.
The orc is lightly wounded.
You constrict the orc. The orc hits you with a +0 falchion.
You hit the orc.
The orc is heavily wounded.
You constrict the orc, but do no damage.
The orc hits you with a +0 falchion.
You hit the orc.
You kill the orc!
You have reached level 2!
Items here: ))) [ †.
An orc priest comes into view. It is wielding a +0 dagger.
The orc priest looks satisfied for a moment.
Items here: ))) [ †.
Okay, then.
You start resting.
An orc priest is nearby!
You hit the orc priest but do no damage.
You grab the orc priest. You constrict the orc priest.
The orc priest mumbles some strange prayers to Beogh against you.
Beogh smites you!
Ouch! That really hurt!
You die...

####### ###...).#
#...###.###
#o###.....#
####@###...).#
#####.....#8o#.#.8#
#...#.....##.###.##
#...'.....### ##
#...#.....#
#...#.....#
#...#.....#
#####'#.....#
#.......#####


You could see an orc priest.

Vanquished Creatures
  4 orcs (D:5)
4 creatures vanquished.

Notes
Turn   | Place    | Note
-------+----------+-------------------------------------------
     0 | D:5      | xian the Octopode Delver began the quest for the Orb.
     0 | D:5      | Reached XP level 1. HP: 16/16 MP: 1/1
    58 | D:5      | Reached skill level 7 in Stealth
    61 | D:5      | Reached XP level 2. HP: 9/21 MP: 2/2
    73 | D:5      | Killed from afar by an orc priest

Illustrated notes

Levels and vault maps discovered:
D:5:      minmay_skewed_foursquare, layout_gridville, kennysheep_mini_moat,
          pf_guarded_unrand_meek, uniq_blork_the_orc

Skill      XL: |  1 |
---------------+----+-----
Stealth        | 7 |  7.1
Fighting       | |  3.0
Short Blades   | |  2.0
Dodging        | |  2.0

Action                     || total
---------------------------++-------
  Melee: Short sword       ||    10
         Constrict         ||     4
         Tentacles         ||     1
   Stab: Sleeping          ||     1
  Dodge: Dodged            ||     4

Table legend: (Time is in decaauts)
 A = Elapsed time spent in this place.
 B = Non-inter-level travel time spent in this place.
 C = Inter-level travel time spent in this place.
 D = Time resting spent in this place.
 E = Time spent auto-exploring this place.
 F = Levels seen in this place.
 G = Mean time per level.
                   A        B        C        D        E       F      G
               +--------+--------+--------+--------+--------+-----+--------+
         Total |     72 |     72 |      0 |      2 |     28 |   1 |   72.0 |
       Dungeon |     72 |     72 |      0 |      2 |     28 |   1 |   72.0 |
               +--------+--------+--------+--------+--------+-----+--------+

Top non-repeatable levels by time:
     D:5: 72 daAuts
